 Dungeon Crawl Stone Soup version 0.29-a0-551-gffc1d7fb78 (webtiles) character file.

Game seed: 7799367199016721188

11 Hubjo the Skirmisher (level 2, -1/24 HPs)
             Began as a Demonspawn Monk on June 5, 2022.
             Was a Believer of Vehumet.
             Slain by a quokka (2 damage)
             ... on level 1 of the Dungeon.
             The game lasted 00:00:34 (731 turns).

Hubjo the Skirmisher (Demonspawn Monk)               Turns: 731, Time: 00:00:35

Health: -1/24      AC:  2    Str: 11    XL:     2   Next: 17%
Magic:  2/2        EV: 12    Int: 11    God:    Vehumet [**....]
Gold:   70         SH:  0    Dex: 15    Spells: 1/1 levels left

rFire   . . .      SeeInvis .     - Unarmed
rCold   . . .      Faith    .   (no shield)
rNeg    . . .      Spirit   .   a - +0 robe
rPois   .          Reflect  .   (no helmet)
rElec   .          Harm     .   (no cloak)
rCorr   .          Rampage  .   (no gloves)
Will    .....                   (no boots)
Stlth   ++........              (no amulet)
HPRegen 0.08/turn               (no ring)
MPRegen 0.08/turn               (no ring)

@: no status effects
A: demonic guardian 1
a: Renounce Religion


You were on level 1 of the Dungeon.
You worshipped Vehumet.
Vehumet was pleased with you.
You visited 1 branch of the dungeon, and saw 1 of its levels.

You collected 70 gold pieces.

Inventory:

Armour
 a - a +0 robe (worn)
Scrolls
 c - a scroll of teleportation {unknown}
 f - a scroll of poison {unknown}
 g - a scroll of magic mapping {unknown}
 i - a scroll of identify {unknown}
Potions
 b - a potion of ambrosia
 d - a potion of might {unknown}
 e - 2 potions of curing {unknown}
 h - 2 potions of heal wounds {unknown}


   Skills:
 + Level 3.2 Fighting
 - Level 2.6 Dodging
 + Level 2.1 Stealth
 + Level 2.9 Unarmed Combat


You had one spell level left.
You didn't know any spells.
Your spell library was empty.

Dungeon Overview and Level Annotations

Branches:
Dungeon (1/15)

Altars:
Vehumet


Innate Abilities, Weirdness & Mutations

A weak demonic guardian rushes to your aid.


Message History

Your quasit claws the dart slug. x2; The dart slug barely misses you.
Your quasit bites the dart slug but does no damage.
Your quasit claws the dart slug. x2; The dart slug barely misses you.
Your quasit bites the dart slug.
Your quasit claws the dart slug. x2
The dart slug dies!
Vehumet accepts your kill. Vehumet offers you knowledge of Shock.
Your quasit disappears in a puff of smoke!
h - 2 yellow potions You see here a dart slug corpse.
i - a scroll labelled TAOPUN FOTZ You see here a dart slug corpse.
You see here a +0 dagger.
A quokka comes into view.
A quokka is nearby!
The quokka bites you but does no damage.
The quokka bites you but does no damage.
The quokka closely misses you. The quokka bites you. The quokka bites you.
The quokka closely misses you. The quokka bites you. The quokka bites you. x2
* * * LOW HITPOINT WARNING * * *
The quokka closely misses you. The quokka barely misses you.
The quokka bites you.
* * * LOW HITPOINT WARNING * * *
A demonic guardian appears!
The quokka misses you.
Your shadow imp hits the quokka but does no damage.
The quokka barely misses you. x2
Your shadow imp closely misses the quokka.
The quokka bites you.
* * * LOW HITPOINT WARNING * * *
Your shadow imp closely misses the quokka.
The quokka closely misses you.
Your shadow imp completely misses the quokka.
The quokka bites you.
You die...

##########
.........##########.#
####.##.........@r5.#
#.#...).#.######.#
#.#..###.## #.#..#
#.# #....# #.# #.#†##
#.# #.#.# #.. #.#.#
#.. #...# #..


You could see a quokka (ally target) and a friendly shadow imp (summoned).

Vanquished Creatures
  A dart slug (D:1)
  A bat (D:1)
  An endoplasm (D:1)
  A goblin (D:1)
  A hobgoblin (D:1)
  A rat (D:1)
6 creatures vanquished.

Vanquished Creatures (collateral kills)
  A dart slug (D:1)
1 creature vanquished.

Vanquished Creatures (others)
  4 toadstools (D:1)
4 creatures vanquished.

Grand Total: 11 creatures vanquished

Notes
Turn   | Place    | Note
-------+----------+-------------------------------------------
     0 | D:1      | Hubjo the Demonspawn Monk began the quest for the Orb.
     0 | D:1      | Reached XP level 1. HP: 18/18 MP: 1/1
   306 | D:1      | Found a faded altar of an unknown god.
   317 | D:1      | Prayed at the altar of an unknown god.
   317 | D:1      | Became a worshipper of Vehumet
   317 | D:1      | Reached * piety under Vehumet
   317 | D:1      | Offered knowledge of Magic Dart by Vehumet.
   317 | D:1      | Reached ** piety under Vehumet
   464 | D:1      | Gained mutation: A weak demonic guardian rushes to your
                  | aid. [demonic ancestry]
   464 | D:1      | Reached XP level 2. HP: 17/24 MP: 2/2
   623 | D:1      | Offered knowledge of Shock by Vehumet.
   729 | D:1      | HP: 1/24 [quokka (3)]
   731 | D:1      | Slain by a quokka

Illustrated notes

Levels and vault maps discovered:
D:1:      dpeg_arrival_more_subterranean_lakeside_camping, layout_loops_ring,
          chequers_ecumenical_altar_simple, dk_noncrumbling_2,
          nicolae_concentric_dashed_squares_mild, minmay_gold_behind_fungi,
          chequers_decorated_corner

Skill      XL: |  1 |
---------------+----+-----
Stealth        | 2 |  2.1
Fighting       | |  3.2
Dodging        | |  2.6
Unarmed Combat | |  2.9

Action                   || total
-------------------------++-------
Melee: Unarmed           ||    28
       Punch             ||     1
Armor: Robe              ||    19
Dodge: Dodged            ||    65

Table legend: (Time is in decaauts)
 A = Elapsed time spent in this place.
 B = Non-inter-level travel time spent in this place.
 C = Inter-level travel time spent in this place.
 D = Time resting spent in this place.
 E = Time spent auto-exploring this place.
 F = Levels seen in this place.
 G = Mean time per level.
                   A        B        C        D        E       F      G
               +--------+--------+--------+--------+--------+-----+--------+
         Total |    729 |    729 |      0 |      0 |    578 |   1 |  729.0 |
       Dungeon |    729 |    729 |      0 |      0 |    578 |   1 |  729.0 |
               +--------+--------+--------+--------+--------+-----+--------+

Top non-repeatable levels by time:
     D:1: 729 daAuts
